 Dungeon Crawl Stone Soup version 0.27-a0-1325-g58a489ad9e (webtiles) character file.

Game seed: 9664477888132952883

5 kae the Skirmisher (level 1, -2/20 HPs)
             Began as a Hill Orc Fighter on June 24, 2021.
             Frozen to death by an endoplasm (5 damage)
             ... on level 1 of the Dungeon.
             The game lasted 00:00:34 (210 turns).

kae the Skirmisher (Hill Orc Fighter)                Turns: 210, Time: 00:00:35

Health: -2/20      AC:  6    Str: 18    XL:     1   Next: 80%
Magic:  1/1        EV:  4    Int:  8    God:
Gold:   13         SH:  9    Dex: 10    Spells: 0/0 levels left

rFire    . . .     SeeInvis .   a - +0 war axe
rCold    . . .     Faith    .   c - +0 kite shield
rNeg     . . .     Spirit   .   b - +0 scale mail
rPois    .         Reflect  .   (no helmet)
rElec    .         Harm     .   (no cloak)
rCorr    .         Rampage  .   (no gloves)
Will     .....                  (no boots)
Stlth    ..........             (no amulet)
HPRegen  0.06/turn              (no ring)
MPRegen  0.07/turn              (no ring)

@: constricted
A: no striking features
a: no special abilities


You were on level 1 of the Dungeon.
You visited 1 branch of the dungeon, and saw 1 of its levels.

You collected 13 gold pieces.

Inventory:

Hand Weapons
 a - a +0 war axe (weapon)
Armour
 b - a +0 scale mail (worn)
 c - a +0 kite shield (worn)
Potions
 d - a potion of might


   Skills:
 + Level 3.8 Fighting
 * Level 3.2 Axes
 - Level 3.2 Armour
 - Level 3.2 Shields


You couldn't memorise any spells.
You didn't know any spells.
Your spell library was empty.

Dungeon Overview and Level Annotations

Branches:
Dungeon (1/15)

Altars:


Message History

You block the ball python's attack. The ball python constricts you.
You block the endoplasm's attack.
The ball python bites you but does no damage.
The ball python constricts you. The endoplasm freezes you.
You are frozen.
You closely miss the ball python.
Your shield and scale mail prevent you from hitting the endoplasm.
The ball python bites you but does no damage.
The ball python constricts you. The endoplasm freezes you.
You are frozen.
The ball python bites you. The ball python constricts you.
The endoplasm freezes you.
You are frozen.
You are too injured to fight recklessly!
You are too injured to fight recklessly!
There are monsters nearby!
You are too injured to fight recklessly!
You are too injured to fight recklessly!
There are monsters nearby!
You are too injured to fight recklessly!
You are too injured to fight recklessly!
There are monsters nearby!
You closely miss the ball python. You hit the endoplasm but do no damage.
The ball python bites you. The ball python constricts you.
The endoplasm hits you but does no damage.
You block the ball python's attack. The ball python constricts you.
You closely miss the ball python.
Your shield prevents you from hitting the endoplasm.
You block the ball python's attack. The ball python constricts you.
The endoplasm freezes you.
You are frozen.
* * * LOW HITPOINT WARNING * * *
You block the ball python's attack. The ball python constricts you.
The endoplasm hits you but does no damage.
You barely miss the ball python. You hit the endoplasm but do no damage.
You block the ball python's attack. The ball python constricts you.
The endoplasm freezes you.
You are frozen.
You die...

#...... .######.....
........... #..........#
#..........#
#..........# #......JS†#
........@.# #........#
#....†...###############
#.......................
########################


You could see an endoplasm and a ball python.

Vanquished Creatures
  An endoplasm (D:1)
  A giant cockroach (D:1)
  2 quokkas (D:1)
4 creatures vanquished.

Notes
Turn   | Place    | Note
-------+----------+-------------------------------------------
     0 | D:1      | kae the Hill Orc Fighter began the quest for the Orb.
     0 | D:1      | Reached XP level 1. HP: 19/19 MP: 1/1
   210 | D:1      | Frozen to death by an endoplasm

Illustrated notes

Levels and vault maps discovered:
D:1:      lightli_arrival_statue_moat, layout_basic,
          ebering_ecumenical_altar_ruins

Skill      XL: |  1 |
---------------+----+-----
Axes           | 3 |  3.2
Fighting       | |  3.8
Armour         | |  3.2
Shields        | |  3.2

Action                   || total
-------------------------++-------
Melee: War axe           ||    13
Armor: Scale mail        ||     6
Dodge: Dodged            ||     2
Block: Kite shield       ||    11

Table legend: (Time is in decaauts)
 A = Elapsed time spent in this place.
 B = Non-inter-level travel time spent in this place.
 C = Inter-level travel time spent in this place.
 D = Time resting spent in this place.
 E = Time spent auto-exploring this place.
 F = Levels seen in this place.
 G = Mean time per level.
                   A        B        C        D        E       F      G
               +--------+--------+--------+--------+--------+-----+--------+
         Total |    217 |    217 |      0 |      0 |    189 |   1 |  217.0 |
       Dungeon |    217 |    217 |      0 |      0 |    189 |   1 |  217.0 |
               +--------+--------+--------+--------+--------+-----+--------+

Top non-repeatable levels by time:
     D:1: 217 daAuts
